[Event "Titled Tuesday Blitz November 08 Late 2022"]
[White "Ghazarian, Kirk"]
[Black "Musovic, Armin"]
[WhiteFideId "30908604"]
[BlackFideId "939935"]
[WhiteElo "2346"]
[BlackElo "2288"]
[Result "0-1"]
[Round "02"]
[TimeControl "180+1"]
[Date "2022.11.09"]
[WhiteClock "0:00:04"]
[BlackClock "0:00:10"]

1. d4 d5 2. Nf3 c5 3. dxc5 Nc6 4. a3 a5 5. e3 e6 6. c4 Bxc5 7. cxd5 exd5 8. Nc3 Nf6 9. Be2 O-O 10. O-O Re8 11. b3 Bg4 12. Bb2 h6 13. h3 Bh5 14. Rc1 Bd6 15. Nb5 Be7 16. Nfd4 Bxe2 17. Qxe2 Nxd4 18. Bxd4 Rc8 19. a4 Ne4 20. Qd3 Qd7 21. Bb2 Bf6 22. Bxf6 Nxf6 23. Nc3 Rc6 24. Rcd1 Rd8 25. Rd2 Qc8 26. Nb5 Rc1 27. Rdd1 Rxd1 28. Rxd1 Qc6 29. Qd2 Qb6 30. Rc1 Re8 31. Qc2 Ne4 32. Qc7 Qf6 33. Qc2 Qb6 34. Rd1 Qc6 35. Qd3 Qf6 36. Rf1 Qc6 37. Nd4 Qb6 38. Rc1 Qf6 39. Nf3 Qb2 40. Qc2 Qa3 41. Rd1 Nf6 42. Nd4 Re4 43. Qc8+ Kh7 44. Qf5+ Kg8 45. Qc8+ Kh7 46. Rc1 Re8 47. Qc5 Qb2 48. Qc3 Qa2 49. Ra1 Rc8 50. Qxc8 Qxa1+ 51. Kh2 g6 52. Qxb7 Kg8 53. Qa8+ Kg7 54. Qxa5 Qf1 55. f3 Qf2 56. Qb5 Qxe3 57. Nc6 Qf4+ 58. Kg1 Qe3+ 59. Kf1 Nh5 60. Nb4 Ng3# 0-1


[Site "https://www.chess.com"]

[Event "Titled Tuesday Blitz November 08 Late 2022"]
[White "Gireman, Ja"]
[Black "Gonzalez, Francisco Silva"]
[WhiteFideId "5043794"]
[BlackFideId "1512285"]
[WhiteElo "2153"]
[BlackElo "2159"]
[Result "0-1"]
[Round "02"]
[TimeControl "180+1"]
[Date "2022.11.09"]
[WhiteClock "0:00:15"]
[BlackClock "0:01:50"]

1. e4 e5 2. Nf3 Nc6 3. Bc4 Bc5 4. c3 Nf6 5. d4 exd4 6. cxd4 Bb4+ 7. Bd2 Bxd2+ 8. Qxd2 d5 9. exd5 Nxd5 10. Nc3 Qe7+ 11. Be2 Be6 12. O-O O-O 13. Rfe1 a6 14. Bd3 Qb4 15. Ng5 Qxd4 16. Bxh7+ Kh8 17. Bd3 Bf5 18. Nxd5 Qxd5 19. Re4 Bxe4 20. Nxe4 Rad8 21. Rd1 Ne5 22. Qf4 Nxd3 23. Qh4+ Kg8 24. Ng5 Qf5 0-1


[Site "https://www.chess.com"]

[Event "Titled Tuesday Blitz November 08 Late 2022"]
[White "Girsh, Daniel"]
[Black "Adel, Sara"]
[WhiteFideId "30949190"]
[BlackFideId "10616764"]
[WhiteElo "2075"]
[BlackElo "1994"]
[Result "1-0"]
[Round "02"]
[TimeControl "180+1"]
[Date "2022.11.09"]
[WhiteClock "0:01:14"]
[BlackClock "0:00:03"]

1. e4 c6 2. d4 d5 3. e5 Bf5 4. h4 h5 5. Bd3 e6 6. Bxf5 exf5 7. Nf3 Ne7 8. Bg5 Nd7 9. O-O Qb6 10. Nbd2 f6 11. exf6 gxf6 12. Bf4 O-O-O 13. c4 Ng6 14. Bh2 f4 15. Qc2 Rg8 16. cxd5 Kb8 17. dxc6 Qxc6 18. Qb3 Nb6 19. Qxg8 Ne7 20. Qb3 Ned5 21. Rac1 Qd7 22. Rfe1 Bd6 23. Ne4 Bc7 24. Nc5 Qg7 25. Ne6 Qg4 26. Nxc7 Rg8 27. Re8+ Rxe8 28. Nxe8 Qd7 29. Re1 a6 30. Qa3 Ka7 31. Qc5 Ka8 32. Nd6 Ka7 33. Re8 Qc6 34. Nc8+ Kb8 35. Qxc6 bxc6 36. Nxb6+ Kb7 37. Nxd5 cxd5 38. Bxf4 1-0


[Site "https://www.chess.com"]

[Event "Titled Tuesday Blitz November 08 Late 2022"]
[White "Gokerkan, Cem Kaan"]
[Black "Estrada Nieto, Julian"]
[WhiteFideId "6336760"]
[BlackFideId "5101018"]
[WhiteElo "2365"]
[BlackElo "2221"]
[Result "0-1"]
[Round "02"]
[TimeControl "180+1"]
[Date "2022.11.09"]
[WhiteClock "0:00:27"]
[BlackClock "0:00:37"]

1. e4 e5 2. Nc3 Nf6 3. g3 d5 4. exd5 Nxd5 5. Bg2 Nxc3 6. bxc3 Nc6 7. Nf3 Bc5 8. O-O O-O 9. Re1 Bg4 10. h3 Bh5 11. g4 Bg6 12. Nxe5 Nxe5 13. Rxe5 Bxf2+ 14. Kxf2 Qf6+ 15. Rf5 Bxf5 16. gxf5 Qxf5+ 17. Kg1 Rfe8 18. d3 Qc5+ 19. Kh1 Qxc3 20. Bd2 Qd4 21. Rb1 Re6 22. Rxb7 Rae8 23. Qf3 Rf6 24. Qg3 Rg6 25. Qf3 Rf6 26. Qg3 Rg6 27. Qxc7 Qf2 28. Qh2 Qxd2 29. Qg1 h6 30. Rb1 Re2 31. Rb8+ Kh7 32. Be4 Re1 0-1


[Site "https://www.chess.com"]

[Event "Titled Tuesday Blitz November 08 Late 2022"]
[White "Goltsev, Dmitry"]
[Black "Mikhalsky, Vladimir"]
[WhiteFideId "24176710"]
[BlackFideId "14144352"]
[WhiteElo "2289"]
[BlackElo "2271"]
[Result "1-0"]
[Round "02"]
[TimeControl "180+1"]
[Date "2022.11.09"]
[WhiteClock "0:02:20"]
[BlackClock "0:00:12"]

1. e4 c5 2. Nf3 Nc6 3. d4 cxd4 4. Nxd4 Nf6 5. Nc3 e5 6. Nf5 d5 7. exd5 Bxf5 8. dxc6 Qxd1+ 9. Nxd1 bxc6 10. Ne3 Bg6 11. Bc4 Bc5 12. c3 Rd8 13. O-O Nd5 14. Nxd5 cxd5 15. Bb5+ Ke7 16. Re1 f6 17. b4 Bb6 18. a4 Rc8 19. a5 Bc7 20. Be3 Bb8 21. Bc5+ Rxc5 22. bxc5 Rc8 23. c6 a6 24. Bxa6 Rxc6 25. Bb7 Rxc3 26. Bxd5 Ba7 27. Bf3 Rc2 28. Re2 Rc3 29. a6 Kd6 30. h4 Bd3 31. Rb2 e4 32. Be2 Ke5 33. Rb7 Bxe2 34. Rxa7 Rc6 35. Rxg7 Bxa6 36. Rxh7 f5 37. Re7+ Kf4 38. h5 Bd3 39. Rh7 Kg5 40. Rh8 f4 41. h6 e3 42. fxe3 fxe3 43. Re1 e2 44. h7 Kh6 45. Rd8 Bxh7 46. Rxe2 Rc1+ 47. Kf2 Rc5 48. Rd6+ Bg6 49. Ree6 Rf5+ 50. Ke3 Rg5 51. Rxg6+ Rxg6 52. Rxg6+ Kxg6 53. Kf4 Kf6 54. Kg4 Kg6 55. g3 Kf6 56. Kh5 Kf5 57. g4+ Kf6 58. Kh6 Kf7 59. g5 Kg8 60. Kg6 Kh8 61. Kf7 Kh7 62. g6+ Kh8 63. g7+ Kh7 64. g8=Q+ 1-0


[Site "https://www.chess.com"]

[Event "Titled Tuesday Blitz November 08 Late 2022"]
[White "Golubev, Mikhail"]
[Black "Yanchenko, Roman"]
[WhiteFideId "14100983"]
[BlackFideId "4137329"]
[WhiteElo "2544"]
[BlackElo "2792"]
[Result "0-1"]
[Round "02"]
[TimeControl "180+1"]
[Date "2022.11.09"]
[WhiteClock "0:00:03"]
[BlackClock "0:01:22"]

1. e4 e6 2. d4 d5 3. Nc3 Bb4 4. e5 Ne7 5. a3 Bxc3+ 6. bxc3 b6 7. Qg4 Kf8 8. Nf3 Ba6 9. Bxa6 Nxa6 10. a4 c5 11. O-O Rc8 12. a5 b5 13. dxc5 Nxc5 14. Ba3 a6 15. c4 bxc4 16. Rfb1 Qxa5 17. Nd4 h5 18. Qf3 Kg8 19. c3 Ng6 20. Qe3 Nd3 21. Bb4 Qc7 22. Bd6 Qa7 23. Qg5 h4 24. Ra5 h3 25. g3 Ra8 26. Rba1 Qb6 27. R5a2 a5 28. f4 a4 29. f5 Ngxe5 0-1


[Site "https://www.chess.com"]

[Event "Titled Tuesday Blitz November 08 Late 2022"]
[White "Goncalves, Davi Sulzbacher"]
[Black "Levine, David"]
[WhiteFideId "2154510"]
[BlackFideId "2011611"]
[WhiteElo "2182"]
[BlackElo "2167"]
[Result "1-0"]
[Round "02"]
[TimeControl "180+1"]
[Date "2022.11.09"]
[WhiteClock "0:00:52"]
[BlackClock "0:00:37"]

1. Nf3 d5 2. g3 Nf6 3. Bg2 e6 4. O-O Be7 5. d4 O-O 6. c4 dxc4 7. Qc2 b5 8. a4 Bb7 9. axb5 a6 10. bxa6 Nxa6 11. Qxc4 Bd5 12. Qb5 Nb4 13. Rxa8 Qxa8 14. Nc3 Rb8 15. Qa4 Qxa4 16. Nxa4 Na2 17. Bf4 Bd6 18. Ne5 Bxg2 19. Kxg2 Rb4 20. Nc3 Rxb2 21. Nxa2 Rxa2 22. Kf3 h6 23. h4 Nd5 24. Rb1 Bxe5 25. Bxe5 Kh7 26. Rb7 Rc2 27. e4 Rc3+ 28. Kg2 Nf6 29. d5 Nxe4 30. Bxc3 Nxc3 31. dxe6 Nd5 32. exf7 1-0


[Site "https://www.chess.com"]

[Event "Titled Tuesday Blitz November 08 Late 2022"]
[White "Gritsenko, Nikolai"]
[Black "Van Dael, Siem"]
[WhiteFideId "14112493"]
[BlackFideId "1049771"]
[WhiteElo "2389"]
[BlackElo "2287"]
[Result "1/2-1/2"]
[Round "02"]
[TimeControl "180+1"]
[Date "2022.11.09"]
[WhiteClock "0:00:12"]
[BlackClock "0:01:12"]

1. d4 Nf6 2. Bg5 Ne4 3. h4 h6 4. Bf4 c5 5. d5 Qb6 6. Qc1 e6 7. dxe6 dxe6 8. Nd2 Nxd2 9. Bxd2 Nc6 10. Nf3 Be7 11. Bc3 Bf6 12. Bxf6 gxf6 13. c3 Qc7 14. Qe3 b6 15. O-O-O Bb7 16. Rg1 h5 17. g3 Ne5 18. Nxe5 Qxe5 19. Qxe5 fxe5 20. Bg2 e4 21. Kd2 Ke7 22. Ke3 f5 23. f3 Rhg8 24. Kf2 e3+ 25. Kxe3 Rxg3 26. Kf2 f4 27. Bf1 Rxg1 28. Kxg1 Bd5 29. a3 Rg8+ 30. Kf2 Kf6 31. Bh3 Rg3 32. Bg2 Ke5 33. e3 Rg7 34. e4 Bc6 35. Bh3 Rd7 36. Rxd7 Bxd7 37. Bf1 Ba4 38. Ba6 Bd1 39. Bb7 Kd6 40. Ba6 Kc6 41. Bc4 Kd6 42. Bb5 Ke7 43. e5 Bc2 44. Ke2 Bf5 45. Bd3 Kd7 46. Bxf5 exf5 47. Kd3 Ke6 48. c4 a6 49. a4 Kxe5 50. b3 Kd6 51. Kc3 Kc6 52. Kd3 b5 53. a5 bxc4+ 54. bxc4 Kd6 55. Kc3 Ke5 56. Kd3 1/2-1/2


[Site "https://www.chess.com"]

[Event "Titled Tuesday Blitz November 08 Late 2022"]
[White "Gurevich, Dmitry"]
[Black "Chigaev, Maksim"]
[WhiteFideId "2000407"]
[BlackFideId "4108116"]
[WhiteElo "2506"]
[BlackElo "2541"]
[Result "0-1"]
[Round "02"]
[TimeControl "180+1"]
[Date "2022.11.08"]
[WhiteClock "0:01:48"]
[BlackClock "0:01:31"]

1. d4 Nf6 2. c4 e6 3. Nf3 d5 4. Nc3 Bb4 5. cxd5 exd5 6. Qa4+ Nc6 7. Bg5 h6 8. Bxf6 Qxf6 9. e3 O-O 10. Rc1 Rd8 11. Be2 Qg6 12. O-O Bh3 13. Nh4 Qg5 14. Bf3 Bd7 15. Nxd5 Qxh4 16. Nxb4 Nxd4 17. Qd1 Nxf3+ 18. Qxf3 Qxb4 0-1


[Site "https://www.chess.com"]

[Event "Titled Tuesday Blitz November 08 Late 2022"]
[White "Guzman, Christopher"]
[Black "Ter-Sahakyan, Samvel"]
[WhiteFideId "6405096"]
[BlackFideId "13302531"]
[WhiteElo "2272"]
[BlackElo "2584"]
[Result "0-1"]
[Round "02"]
[TimeControl "180+1"]
[Date "2022.11.08"]
[WhiteClock "0:00:46"]
[BlackClock "0:00:38"]

1. e4 c6 2. d4 d5 3. e5 Bf5 4. h4 h5 5. Bd3 Bxd3 6. Qxd3 Qa5+ 7. Bd2 Qa6 8. Qxa6 Nxa6 9. Ne2 e6 10. c3 c5 11. Be3 Rc8 12. Nd2 Ne7 13. f3 Nf5 14. Bf2 Be7 15. g3 O-O 16. Nb3 b6 17. g4 hxg4 18. fxg4 Nh6 19. Rg1 cxd4 20. Nbxd4 Nc5 21. g5 Nf5 22. Nxf5 exf5 23. O-O-O Rfd8 24. Nf4 Ne4 25. Rg2 Nxf2 26. Rxf2 d4 27. Rfd2 dxc3 28. Rxd8+ Bxd8 29. b3 Bc7 30. Nd5 Kf8 31. Nxc7 Rxc7 32. Kc2 g6 33. Rd3 Ke7 34. h5 gxh5 35. Rh3 Ke6 36. Rxh5 f4 37. Rh7 Rc5 38. g6 fxg6 39. Rg7 Kf5 40. e6 Re5 41. e7 g5 42. Kxc3 Kf6 43. Rh7 Rxe7 0-1


[Site "https://www.chess.com"]

[Event "Titled Tuesday Blitz November 08 Late 2022"]
[White "Hamley, Ryan"]
[Black "Yanayt, Eugene"]
[WhiteFideId "30959497"]
[BlackFideId "2020165"]
[WhiteElo "2527"]
[BlackElo "2046"]
[Result "1-0"]
[Round "02"]
[TimeControl "180+1"]
[Date "2022.11.09"]
[WhiteClock "0:00:37"]
[BlackClock "0:00:13"]

1. d4 Nf6 2. Nf3 g6 3. Nbd2 d5 4. b4 Bg7 5. e3 O-O 6. Be2 a5 7. b5 c6 8. a4 Nbd7 9. c4 Qe8 10. Ba3 Ne4 11. Qc2 f5 12. Qb3 Ndf6 13. O-O Be6 14. Rfd1 g5 15. Nxe4 Nxe4 16. Nd2 Qf7 17. bxc6 bxc6 18. cxd5 cxd5 19. Nxe4 fxe4 20. Rf1 Rfb8 21. Qc3 Bd7 22. Bc5 Re8 23. f3 Qg6 24. Kh1 e5 25. fxe4 exd4 26. Bxd4 dxe4 27. Bc4+ Be6 28. Bxg7 Qxg7 29. Rf6 Bxc4 30. Qxc4+ Kh8 31. Raf1 Rf8 32. Qxe4 Rae8 33. Rxf8+ Rxf8 34. Qb1 h6 35. h3 Qe7 36. Qb2+ Kg8 37. Qb3+ Kg7 38. Qc3+ Kg6 39. Qd3+ Kg7 40. Qc3+ Kg6 41. Rxf8 Qxf8 42. Qxa5 Qf1+ 43. Kh2 Qd3 44. Qe5 h5 45. a5 g4 46. hxg4 hxg4 47. Qd4 Qf5 48. Qf4 Qh5+ 49. Kg3 Qxa5 50. Qxg4+ Kf6 51. Qd4+ Kg6 52. Qd6+ Kf5 53. Qf4+ Kg6 54. e4 Qc3+ 55. Kg4 Qc2 56. Qf5+ Kg7 57. Qg5+ Kf7 58. Qf5+ Kg7 59. g3 Qe2+ 60. Qf3 Qd2 61. e5 Kg6 62. Qf5+ Kg7 63. Qg5+ 1-0


[Site "https://www.chess.com"]

[Event "Titled Tuesday Blitz November 08 Late 2022"]
[White "Harish, Neeraj"]
[Black "Hajiyev, Kanan"]
[WhiteFideId "30958130"]
[BlackFideId "13404148"]
[WhiteElo "1815"]
[BlackElo "2118"]
[Result "0-1"]
[Round "02"]
[TimeControl "180+1"]
[Date "2022.11.09"]
[WhiteClock "0:00:28"]
[BlackClock "0:00:15"]

1. e4 c6 2. Nc3 d5 3. Nf3 a6 4. d4 Bg4 5. h3 Bh5 6. Be2 e6 7. O-O Nf6 8. e5 Nfd7 9. Bg5 Qc7 10. Qd2 c5 11. Rfe1 Bxf3 12. Bxf3 cxd4 13. Qxd4 Nc6 14. Qd2 Ndxe5 15. Bxd5 Bb4 16. Be4 O-O 17. a3 Bd6 18. Qe2 h6 19. Be3 b5 20. Rad1 Nc4 21. Qf3 Nxe3 22. Rxe3 Ne5 23. Qh5 Nc4 24. Red3 Bh2+ 25. Kh1 Nxb2 26. g3 Nxd1 27. Nxd1 Bxg3 28. Rxg3 Rad8 29. Qxh6 Rxd1+ 30. Kg2 Qxg3+ 31. fxg3 gxh6 0-1


[Site "https://www.chess.com"]

[Event "Titled Tuesday Blitz November 08 Late 2022"]
[White "Hoffmann, Asa"]
[Black "Iliaguev, Nisim"]
[WhiteFideId "2001470"]
[BlackFideId "2817276"]
[WhiteElo "2117"]
[BlackElo "2244"]
[Result "0-1"]
[Round "02"]
[TimeControl "180+1"]
[Date "2022.11.09"]
[WhiteClock "0:00:12"]
[BlackClock "0:00:20"]

1. d4 Nf6 2. Bg5 e6 3. Nd2 h6 4. Bh4 d5 5. e3 c5 6. c3 Nc6 7. f4 Be7 8. Bd3 b6 9. Ngf3 a5 10. O-O Ba6 11. Bxa6 Rxa6 12. Ne5 b5 13. Qe2 Qb6 14. a4 b4 15. f5 cxd4 16. cxd4 Nxe5 17. dxe5 Nd7 18. Bxe7 Kxe7 19. fxe6 Qxe6 20. Nf3 Rb6 21. Nd4 Qxe5 22. Rf5 Qc7 23. Raf1 Nf6 24. R5f4 Re8 25. Qd3 Kf8 26. h3 Qe5 27. R1f3 Kg8 28. Nf5 Qxb2 29. Rg3 Nh5 30. Nxg7 Nxg7 31. Rfg4 Rg6 32. Rxg6 fxg6 33. Qxd5+ Kh7 34. Qxa5 b3 35. Qb5 Qc2 36. e4 b2 37. Rb3 Qc1+ 38. Kh2 Qf4+ 39. Kg1 Rxe4 40. Rf3 Re1+ 41. Kf2 Qd2+ 42. Kg3 b1=Q 43. Qc5 Qg5+ 44. Qxg5 hxg5 45. Kf2 Rf1+ 0-1


[Site "https://www.chess.com"]

[Event "Titled Tuesday Blitz November 08 Late 2022"]
[White "Hristodoulou, Panagiotis"]
[Black "Zeman, Matyas"]
[WhiteFideId "4214340"]
[BlackFideId "364398"]
[WhiteElo "2272"]
[BlackElo "2254"]
[Result "1-0"]
[Round "02"]
[TimeControl "180+1"]
[Date "2022.11.09"]
[WhiteClock "0:01:03"]
[BlackClock "0:00:45"]

1. e4 c6 2. d4 d5 3. e5 Bf5 4. h4 Qb6 5. g4 Bd7 6. h5 e6 7. f4 c5 8. c3 Nc6 9. Nf3 Rc8 10. Rh2 Nh6 11. Bh3 cxd4 12. cxd4 Nb4 13. Nc3 Bb5 14. Rd2 Be7 15. a3 Nc6 16. g5 Ng8 17. f5 Nd8 18. f6 gxf6 19. exf6 Bd6 20. Rg2 Qc7 21. Be3 Ba6 22. Qd2 Bg3+ 23. Kd1 Bd6 24. Rc1 h6 25. g6 Nxf6 26. Bxh6 Ne4 27. Nxe4 Qxc1+ 28. Qxc1 Rxc1+ 29. Bxc1 dxe4 30. g7 Rg8 31. h6 exf3 32. h7 fxg2 33. hxg8=Q+ Kd7 34. Qxd8+ Kxd8 35. g8=Q+ 1-0


[Site "https://www.chess.com"]

[Event "Titled Tuesday Blitz November 08 Late 2022"]
[White "Hryzlova, Sofiia"]
[Black "Gilmanov, Mansur"]
[WhiteFideId "14174669"]
[BlackFideId "4166868"]
[WhiteElo "1992"]
[BlackElo "2377"]
[Result "1-0"]
[Round "02"]
[TimeControl "180+1"]
[Date "2022.11.09"]
[WhiteClock "0:00:30"]
[BlackClock "0:00:14"]

1. d4 d5 2. Nf3 e6 3. c4 f5 4. g3 Nf6 5. Bg2 c6 6. O-O Bd6 7. b3 O-O 8. Ba3 b6 9. Qc1 Bb7 10. Nc3 a5 11. Bxd6 Qxd6 12. e3 Nbd7 13. Ne2 Ne4 14. Nf4 g5 15. Nd3 Ba6 16. Nfe5 Rac8 17. Nxd7 Qxd7 18. Ne5 Qd6 19. Bxe4 fxe4 20. Qd1 Rf5 21. Qh5 Rcf8 22. Rac1 Bb7 23. Ng4 Kh8 24. Nh6 R5f6 25. Qxg5 Rg6 26. Qh5 e5 27. Nf5 Qf6 28. Nh4 Rg5 29. dxe5 Rxh5 30. exf6 Rxf6 31. cxd5 cxd5 32. Rc7 Ba6 33. Rfc1 Rxh4 34. Ra7 Be2 35. Rc8+ 1-0


[Site "https://www.chess.com"]

[Event "Titled Tuesday Blitz November 08 Late 2022"]
[White "Ibarra Jerez, Jose Carlos"]
[Black "Viana Da Costa, Fernando"]
[WhiteFideId "2226332"]
[BlackFideId "2111900"]
[WhiteElo "2638"]
[BlackElo "2259"]
[Result "1-0"]
[Round "02"]
[TimeControl "180+1"]
[Date "2022.11.09"]
[WhiteClock "0:01:40"]
[BlackClock "0:00:12"]

1. e4 c5 2. Nc3 Nc6 3. Nge2 g6 4. d4 cxd4 5. Nxd4 Bg7 6. Be3 Nf6 7. Bc4 Qa5 8. O-O O-O 9. Bb3 d6 10. Nd5 Re8 11. Nxf6+ Bxf6 12. c3 Bd7 13. f4 Bg7 14. Qf3 Rac8 15. Rad1 Rf8 16. Qg3 Qd8 17. f5 Ne5 18. Bg5 h6 19. Bc1 Kh7 20. Bxf7 Nxf7 21. fxg6+ Kh8 22. gxf7 e6 23. Qg6 1-0


[Site "https://www.chess.com"]

[Event "Titled Tuesday Blitz November 08 Late 2022"]
[White "Indjic, Aleksandar"]
[Black "Bodi, Tibor"]
[WhiteFideId "911925"]
[BlackFideId "701084"]
[WhiteElo "2592"]
[BlackElo "2187"]
[Result "1-0"]
[Round "02"]
[TimeControl "180+1"]
[Date "2022.11.08"]
[WhiteClock "0:01:55"]
[BlackClock "0:00:20"]

1. c4 e5 2. Nf3 e4 3. Nd4 Nc6 4. e3 Nf6 5. Nc3 Bb4 6. Qb3 Bxc3 7. Qxc3 O-O 8. Nxc6 dxc6 9. b3 a5 10. a3 Nd7 11. Bb2 f6 12. d4 exd3 13. Bxd3 Nc5 14. Bc2 Qe7 15. f3 Re8 16. Kf2 Be6 17. h4 a4 18. b4 Nb3 19. g4 b5 20. cxb5 Nxa1 21. Bxa1 cxb5 22. Qd3 f5 23. gxf5 Bc4 24. Qc3 Rad8 25. Be4 Rd3 26. Bxd3 Qxe3+ 27. Kg3 1-0


[Site "https://www.chess.com"]

[Event "Titled Tuesday Blitz November 08 Late 2022"]
[White "Ivanisevic, Ivan"]
[Black "Mendez Fortes, Eduardo Jesus"]
[WhiteFideId "912417"]
[BlackFideId "3502376"]
[WhiteElo "2794"]
[BlackElo "2551"]
[Result "1/2-1/2"]
[Round "02"]
[TimeControl "180+1"]
[Date "2022.11.09"]
[WhiteClock "0:00:08"]
[BlackClock "0:00:03"]

1. d4 Nf6 2. Nf3 d5 3. Bf4 c5 4. e3 Nc6 5. Nbd2 cxd4 6. exd4 Bf5 7. Bb5 Qb6 8. c4 e6 9. O-O Be7 10. Qa4 O-O 11. c5 Qd8 12. Bxc6 bxc6 13. Ne5 Qb8 14. Nb3 Qb5 15. Qxb5 cxb5 16. Nc6 Rfe8 17. Nxe7+ Rxe7 18. Na5 Rc8 19. Rfc1 Ne8 20. b4 f6 21. a4 a6 22. axb5 axb5 23. c6 Bd3 24. Rc5 Ra7 25. Rd1 Be2 26. Re1 Bd3 27. h4 Kf7 28. Rd1 Be2 29. Rd2 Bc4 30. Nxc4 bxc4 31. b5 Ra1+ 32. Kh2 Rb1 33. Ra2 h6 34. h5 g5 35. hxg6+ Kxg6 36. Ra6 Kf5 37. Bg3 Ke4 38. b6 Kxd4 39. b7 Rd8 40. c7 Nxc7 41. Rxc7 c3 42. Ra8 Rxb7 43. Rxd8 Rxc7 44. Bxc7 Kd3 45. Bf4 e5 46. Bxh6 d4 47. Kg3 f5 48. Rc8 f4+ 49. Kf3 Kd2 50. g3 c2 51. gxf4 c1=Q 52. fxe5+ Kd3 53. Bxc1 1/2-1/2


[Site "https://www.chess.com"]

[Event "Titled Tuesday Blitz November 08 Late 2022"]
[White "Janaszak, Dawid"]
[Black "Wirig, Anthony"]
[WhiteFideId "1119206"]
[BlackFideId "615013"]
[WhiteElo "2226"]
[BlackElo "2487"]
[Result "1-0"]
[Round "02"]
[TimeControl "180+1"]
[Date "2022.11.09"]
[WhiteClock "0:00:14"]
[BlackClock "0:00:14"]

1. d4 Nf6 2. Bf4 Nc6 3. Nf3 d6 4. e3 g6 5. Bc4 Bg7 6. O-O O-O 7. h3 Nd7 8. c3 e5 9. Bh2 Qe7 10. b4 a6 11. a4 Kh8 12. Nbd2 h6 13. b5 Na5 14. Ba2 b6 15. c4 Bb7 16. Rc1 f5 17. bxa6 Rxa6 18. Nb1 g5 19. Nc3 g4 20. hxg4 fxg4 21. Ne1 Qg5 22. Nd5 c6 23. Nc7 Rf6 24. Nxa6 Bxa6 25. dxe5 Nxe5 26. Bxe5 Qxe5 27. Nd3 Qg5 28. Nf4 Bc8 29. Bb1 g3 30. Qd3 Bf5 31. Qe2 Bg4 32. Qd3 Bf5 33. Qd2 Bd7 34. fxg3 Nb7 35. Qd3 Bf5 36. e4 Nc5 37. Qf3 Bg4 38. Qe3 Rf8 39. Rce1 Kg8 40. Nd3 Qxe3+ 41. Rxe3 Bd4 42. Rxf8+ Kxf8 43. Kf2 Nxa4 44. Nf4 Nc3 45. Bc2 Bd1 46. Ne6+ Ke7 47. Nxd4 Bxc2 48. Rxc3 Ba4 49. Ke3 c5 50. Nf5+ Ke6 51. Nxh6 Ke5 52. Ng4+ Ke6 53. Nf2 Be8 54. Nd3 b5 55. Nf4+ Ke5 56. cxb5 Bxb5 57. Nd3+ Ke6 58. Nxc5+ dxc5 59. Rxc5 Bf1 60. Kf2 Bd3 61. Ke3 Bf1 62. Kf3 Bd3 63. g4 Bb1 64. Kf4 Ba2 65. g5 Kd6 66. Ra5 Bb3 67. g6 Ke7 68. Kg5 Bc2 69. Ra7+ Kf8 70. e5 Bb3 71. Kf6 1-0


[Site "https://www.chess.com"]

[Event "Titled Tuesday Blitz November 08 Late 2022"]
[White "Jimenez Almeida, Luis David"]
[Black "Ardila, Oscar Humberto"]
[WhiteFideId "22242244"]
[BlackFideId "4404742"]
[WhiteElo "2158"]
[BlackElo "1959"]
[Result "1-0"]
[Round "02"]
[TimeControl "180+1"]
[Date "2022.11.09"]
[WhiteClock "0:01:44"]
[BlackClock "0:01:03"]

1. e4 e5 2. Nf3 Nf6 3. d4 Nxe4 4. Bd3 d5 5. Nxe5 Nf6 6. O-O Be7 7. Re1 O-O 8. Bf4 Nbd7 9. h3 c6 10. Nd2 Re8 11. Ndf3 Nf8 12. Ng5 Be6 13. c3 h6 14. Ngf3 N8d7 15. a4 Nxe5 16. dxe5 Nd7 17. Bc2 Nf8 18. Bg3 Qb6 19. Qd2 Kh8 20. Nd4 Bc5 21. Kh1 Bxd4 22. cxd4 Rab8 23. f4 Qxb2 24. Reb1 Qxb1+ 25. Rxb1 b5 26. axb5 cxb5 27. f5 Bd7 28. f6 Be6 29. Bh4 g5 30. Bxg5 hxg5 31. Qxg5 1-0


[Site "https://www.chess.com"]

[Event "Titled Tuesday Blitz November 08 Late 2022"]
[White "Jobava, Baadur"]
[Black "Ibadov, Dashgyn"]
[WhiteFideId "13601520"]
[BlackFideId "24107514"]
[WhiteElo "2582"]
[BlackElo "2208"]
[Result "1-0"]
[Round "02"]
[TimeControl "180+1"]
[Date "2022.11.09"]
[WhiteClock "0:01:25"]
[BlackClock "0:00:02"]

1. b3 e5 2. Bb2 Nc6 3. Nf3 e4 4. Nd4 Nf6 5. e3 Bc5 6. Nf5 O-O 7. c4 d6 8. Ng3 Ne5 9. Nc3 Bg4 10. Qc2 Re8 11. h3 Bd7 12. Ncxe4 Nxe4 13. Qxe4 Bc6 14. Qc2 Qh4 15. O-O-O Bb6 16. d4 Ng6 17. Nf5 Qg5 18. h4 Qd8 19. d5 Bd7 20. Nxg7 Re5 21. Bxe5 dxe5 22. Nf5 Qf6 23. Bd3 e4 24. Bxe4 Re8 25. Nd4 c5 26. dxc6 bxc6 27. h5 Nf8 28. c5 Bc7 29. Bf5 Bxf5 30. Qxf5 1-0


[Site "https://www.chess.com"]

[Event "Titled Tuesday Blitz November 08 Late 2022"]
[White "Jones, Gawain C B"]
[Black "Danielyan, Vahe"]
[WhiteFideId "409561"]
[BlackFideId "13304828"]
[WhiteElo "2657"]
[BlackElo "2423"]
[Result "1-0"]
[Round "02"]
[TimeControl "180+1"]
[Date "2022.11.08"]
[WhiteClock "0:00:47"]
[BlackClock "0:00:03"]

1. Nf3 g6 2. e4 c5 3. d4 cxd4 4. Qxd4 Nf6 5. Nc3 Nc6 6. Qa4 d6 7. e5 dxe5 8. Nxe5 Bd7 9. Nxd7 Qxd7 10. Be2 Bg7 11. Be3 O-O 12. O-O a6 13. Rad1 Qc7 14. Qh4 Rad8 15. Qg3 Qa5 16. a3 Nh5 17. Qg5 Bxc3 18. bxc3 Qxg5 19. Bxg5 Ng7 20. Bf3 f6 21. Be3 Nf5 22. Bb6 Rc8 23. Rd7 Ne5 24. Bd5+ Kh8 25. Rxb7 Rxc3 26. Bb3 h5 27. h3 Nf7 28. Ba5 Rc6 29. Bb4 N7d6 30. Rd7 Rfc8 31. g4 hxg4 32. hxg4 Nh4 33. Rxe7 Nb5 34. Rd1 Nc3 35. Rdd7 Nf3+ 36. Kh1 Ng5 37. f4 1-0


[Site "https://www.chess.com"]

[Event "Titled Tuesday Blitz November 08 Late 2022"]
[White "Joubert, Dantelle"]
[Black "Melaugh, Shane"]
[WhiteFideId "14310813"]
[BlackFideId "2509580"]
[WhiteElo "1507"]
[BlackElo "2025"]
[Result "0-1"]
[Round "02"]
[TimeControl "180+1"]
[Date "2022.11.09"]
[WhiteClock "0:00:02"]
[BlackClock "0:02:08"]

1. d4 e6 2. c4 f5 3. Nf3 Nf6 4. g3 b6 5. Bg2 Bb7 6. O-O Be7 7. Nc3 Bb4 8. Qc2 Bxc3 9. Qxc3 O-O 10. Bg5 h6 11. Bxf6 Qxf6 12. Ne5 Bxg2 13. Kxg2 d6 14. Nd3 c5 15. e3 Nc6 16. dxc5 Qxc3 17. bxc3 dxc5 18. Nf4 Kf7 19. Rfd1 Ne5 20. Rd6 Rfe8 21. Rad1 Nxc4 22. Rd7+ Re7 23. Rxe7+ Kxe7 24. h4 Ne5 25. Kf1 g5 26. hxg5 hxg5 27. Ne2 Rh8 28. Ng1 g4 29. Ke2 Rh1 30. e4 Nf3 31. Nxf3 gxf3+ 32. Kd2 Rxd1+ 33. Kxd1 fxe4 34. Kd2 Kd6 35. Ke3 Ke5 36. g4 a6 37. c4 b5 38. cxb5 axb5 39. g5 Kf5 40. g6 Kxg6 41. Kxe4 Kf6 42. Kxf3 Ke5 43. Ke3 Kd5 44. Kd3 e5 45. Ke3 c4 46. a3 e4 47. Kd2 Kd4 48. Kc2 c3 49. Kb3 Kd3 50. Kb4 c2 0-1


[Site "https://www.chess.com"]